 Dungeon Crawl Stone Soup version 0.30-a0-782-ge64f9170bb (webtiles) character file.

Game seed: 10440872523146185609

46 Dirtsage the Chopper (level 3, -6/29 HPs)
             Began as a Demonspawn Fighter on Mar 9, 2023.
             Killed by nerve-wracking pain
             ... invoked by Grinder
              (11 damage)
             ... on level 3 of the Dungeon.
             The game lasted 00:02:04 (1478 turns).

Dirtsage the Chopper (Demonspawn Fighter)           Turns: 1478, Time: 00:02:04

Health: -6/29      AC: 13    Str: 22    XL:     3   Next: 46%
Magic:  3/3        EV: 11    Int:  9    God:
Gold:   62         SH:  4    Dex: 12    Spells: 2/2 levels left

rFire   . . .      SeeInvis .    a - +0 war axe
rCold   . . .      Faith    .    c - +0 buckler
rNeg    . . .      Spirit   .    m - +6 scale mail "Inacuoju" {rElec Str+4}
rPois   .          Reflect  .    (no helmet)
rElec   +          Harm     .    (no cloak)
rCorr   .          Rampage  .    j - +0 pair of gloves
Will    .....                    (no boots) Stlth
                                 (no amulet)
HPRegen 0.24/turn                (no ring)
MPRegen 0.08/turn                (no ring)

@: mighty
A: repulsion field 1, weakness stinger 1
a: no special abilities


You were on level 3 of the Dungeon.
You visited 1 branch of the dungeon, and saw 3 of its levels.

You collected 62 gold pieces.

Inventory:

Hand Weapons
 a - a +0 war axe (weapon)
Armour
 b - a +0 scale mail
 c - a +0 buckler (worn)
 j - a +0 pair of gloves (worn)
 m - the +6 scale mail "Inacuoju" (worn) {rElec Str+4}
   (You found it on level 2 of the Dungeon)

   Str:       It affects your strength (+4).
   rElec:     It insulates you from electricity.
Magical Staves
 l - a staff of air
Scrolls
 g - 3 scrolls of magic mapping {unknown}
 h - a scroll of identify {unknown}
 k - 2 scrolls of blinking {unknown}
Potions
 e - a potion of lignification {unknown}
 f - a potion of brilliance {unknown}
 i - a potion of magic {unknown}


   Skills:
 - Level 3.0 Fighting
 + Level 3.5 Axes
 - Level 2.6 Armour
 - Level 2.6 Shields


You had 2 spell levels left.
You didn't know any spells.
Your spell library contained the following spells:

 Spells                   Type           Power      Damage    Failure   Level
 Apportation              Tloc           0%         N/A       82%         1
 Necrotise                Necr           0%         1d4       82%         1
 Summon Small Mammal      Summ           0%         N/A       82%         1
 Animate Armour           Summ/Erth      0%         N/A       100%        4
 Blade Hands              Tmut           0%         N/A       100%        5
 Iron Shot                Conj/Erth      0%         9d1       100%        6


Dungeon Overview and Level Annotations

Branches:
Dungeon (3/15)

Altars:

Annotations:
D:3 Grinder


Innate Abilities, Weirdness & Mutations

You are surrounded by a mild repulsion field. (EV +2)
You have a small tail.


Message History

You see here an adder corpse.
A hobgoblin comes into view.
The hobgoblin shouts!
You block the hobgoblin's attack.
You closely miss the hobgoblin. You block the hobgoblin's attack.
The hobgoblin misses you.
You hit the hobgoblin.
You kill the hobgoblin!
No target in view!
No target in view!
You see here a hobgoblin corpse.
Grinder comes into view.
Grinder shouts!
Grinder says, "Don't move a muscle."
You aren't carrying any items that you can evoke.
Unknown command.
You feel very mighty all of a sudden. You block Grinder's attack.
You slash Grinder! You tail-slap Grinder!
Grinder is heavily wounded.
Grinder hits you!
You writhe in agony.
Grinder says, "Wait up."
Grinder hits you but does no damage.
You take 13 damage, and have 16/29 hp.
MASSIVE DAMAGE!!
You barely miss Grinder.
Grinder is heavily wounded.
Grinder gestures at you. Pain shoots through your body!
* * * LOW HITPOINT WARNING * * *
You take 12 damage, and have 4/29 hp.
MASSIVE DAMAGE!!
You closely miss Grinder.
Grinder is heavily wounded.
Grinder completely misses you.
You slash Grinder!
Grinder is almost dead.
Grinder says, "My boss said I was rubbish.
His entrails said otherwise."
Grinder blinks!
Grinder gestures at you. Pain shoots through your body!
You die...

.....#############
.#...........†...#######
...........#####........
.#.#.#####.# #..######
.#.#.# #.# #..# #.#.#
..#####..# #.#.#
####.....# . #.#
####.###.##.... ..
......§@..5.....
.....###.##.#... ####
..# .. ..# #.. ##.# #
#.. ... .#


You could see Grinder.

Vanquished Creatures
  An adder (D:3)
  A dart slug (D:1)
  3 endoplasms (D:1)
  A giant cockroach (D:1)
  4 goblins
  5 hobgoblins
  3 quokkas
  4 ball pythons
  2 bats
  3 frilled lizards
  4 kobolds
  2 rats (D:2)
33 creatures vanquished.

Notes
Turn   | Place    | Note
-------+----------+-------------------------------------------
     0 | D:1      | Dirtsage the Demonspawn Fighter began the quest for the
                  | Orb.
     0 | D:1      | Reached XP level 1. HP: 18/18 MP: 1/1
   270 | D:1      | Gained mutation: You have a small tail. [demonic ancestry]
   270 | D:1      | Reached XP level 2. HP: 24/24 MP: 2/2
  1062 | D:2      | Gained mutation: You are surrounded by a mild repulsion
                  | field. (EV +2) [demonic ancestry]
  1062 | D:2      | Reached XP level 3. HP: 29/29 MP: 3/3
  1241 | D:2      | Identified the +6 scale mail "Inacuoju" {rElec Str+4}
  1472 | D:3      | Noticed Grinder
  1478 | D:3      | Killed from afar by Grinder

Illustrated notes

Levels and vault maps discovered:
D:1:      sevenhm_arrival_forest_fort_small_3, layout_loops_ring, serial_rivers,
          chequers_serial_rivers_micro_c, chequers_serial_rivers_marsh,
          chequers_serial_rivers_large_b, chequers_serial_rivers_small_3,
          chequers_serial_rivers_marsh
D:2:      layout_loops_ring
D:3:      layout_basic, mainiacjoe_overflow_surrounded_room, serial_park_tiny_1,
          minmay_increasing_density, uniq_grinder

Skill      XL: |  1  2 |
---------------+-------+-----
Axes           | 2 3 |  3.5
Fighting       | |  3.0
Armour         | |  2.6
Shields        | |  2.6

Action                     || total
---------------------------++-------
  Melee: War axe           ||    85
         Tailslap          ||     8
    Use: Potion            ||     1
 Armour: Scale mail        ||    41
  Dodge: Dodged            ||    35
  Block: Buckler           ||    15

Table legend: (Time is in decaauts)
 A = Elapsed time spent in this place.
 B = Non-inter-level travel time spent in this place.
 C = Inter-level travel time spent in this place.
 D = Time resting spent in this place.
 E = Time spent auto-exploring this place.
 F = Levels seen in this place.
 G = Mean time per level.
                   A        B        C        D        E       F      G
               +--------+--------+--------+--------+--------+-----+--------+
         Total |   1548 |   1506 |     42 |      0 |   1251 |   3 |  516.0 |
       Dungeon |   1548 |   1506 |     42 |      0 |   1251 |   3 |  516.0 |
               +--------+--------+--------+--------+--------+-----+--------+

Top non-repeatable levels by time:
     D:1: 817 daAuts
     D:2: 689 daAuts
     D:3: 41 daAuts
